 Dungeon Crawl Stone Soup version 0.28.0-53-g5a82cb258f (webtiles) character file.

Game seed: 10757478092013501699

6682 Peloso the Carver (level 10, -8/93 HPs)
             Began as a Minotaur Fighter on July 18, 2022.
             Mangled by an orc knight
             ... wielding a +0 trident
              (36 damage)
             ... in a bailey.
             The game lasted 00:20:44 (8209 turns).

Peloso the Carver (Minotaur Fighter)                Turns: 8209, Time: 00:20:45

Health: -8/93      AC: 16    Str: 22    XL:     10   Next: 73%
Magic:  9/9        EV:  8    Int:  5    God:
Gold:   407        SH:  0    Dex: 13    Spells: 9/9 levels left

rFire   + . .      SeeInvis .   a - +0 long sword (freeze)
rCold   + . .      Faith    .   (no shield)
rNeg    . . .      Spirit   .   e - +0 plate armour
rPois   .          Reflect  .   (helmet restricted)
rElec   .          Harm     .   (no cloak)
rCorr   .          Rampage  .   (no gloves)
Will    .....                   w - +0 pair of boots {Stlth+}
Stlth   ..........              n - amulet of regeneration
HPRegen 1.05/turn               s - ring of protection from fire
MPRegen 0.11/turn               r - ring of protection from cold

@: mighty, hasted, very quick
A: horns 2, retaliatory headbutt
a: no special abilities


You were in a bailey.
You visited 2 branches of the dungeon, and saw 10 of its levels.
You also visited: Bailey.

You collected 407 gold pieces.

Inventory:

Hand Weapons
 a - a +0 long sword of freezing (weapon)
 b - a +2 whip of flaming
 c - a +3 long sword
Missiles
 j - 7 throwing nets (quivered)
Armour
 e - a +0 plate armour (worn)
 g - a +0 buckler of positive energy
 m - a +0 chain mail
 w - a +0 pair of boots of stealth (worn)
Jewellery
 f - an amulet of guardian spirit
 i - a ring of positive energy
 n - an amulet of regeneration (around neck)
 r - a ring of protection from cold (right hand)
 s - a ring of protection from fire (left hand)
 z - a +6 ring of dexterity
Wands
 o - a wand of iceblast (8)
 q - a wand of charming (4)
 v - a wand of acid (1)
Scrolls
 h - a scroll of fog
 k - 3 scrolls of noise
 p - 2 scrolls of magic mapping
 t - a scroll of enchant weapon
 u - a scroll of amnesia
 C - a scroll of holy word {unknown}
Potions
 d - 5 potions of might
 x - a potion of invisibility
 A - a potion of cancellation {unknown}
 B - 2 potions of heal wounds
 D - a potion of mutation {unknown}


   Skills:
 + Level 9.8 Fighting
 + Level 11.9 Long Blades
 + Level 10.8 Armour
 + Level 3.9 Dodging
 + Level 2.3 Stealth
 + Level 6.2 Shields
 + Level 1.2 Evocations


You had 9 spell levels left.
You didn't know any spells.
Your spell library contained the following spells:

 Spells                   Type           Power      Damage    Failure   Level
 Magic Dart               Conj           0%         1d3       100%        1
 Call Imp                 Summ           0%         N/A       100%        2
 Mephitic Cloud           Conj/Pois/Air  0%         N/A       100%        3
 Animate Dead             Necr           0%         N/A       100%        4
 Haunt                    Necr/Summ      0%         N/A       100%        7
 Infestation              Necr           0%         N/A       100%        8


Dungeon Overview and Level Annotations

Branches:
Dungeon (9/15)             Temple (1/1) D:5          Bailey (1/1)
   Lair: D:8-11         Orc: D:9-12

Altars:
Ashenzari
Cheibriados
Dithmenos
Elyvilon
Fedhas
Hepliaklqana
Makhleb
Nemelex Xobeh
Ru
Trog
Xom
Zin


Innate Abilities, Weirdness & Mutations

You have a pair of horns on your head.
You reflexively headbutt those who attack you in melee.


Message History

You catch the helpless orc knight completely off-guard!
You hit the orc knight. You freeze the orc knight.
The orc knight is moderately wounded.
The orc knight hits you with a +0 halberd!
You hit the orc knight but do no damage.
The orc knight is moderately wounded.
The orc knight closely misses you. You furiously retaliate!
You headbutt the orc knight!
The orc warrior hits you with a +0 halberd!
The orc warrior hits you but does no damage.
You closely miss the orc knight. You headbutt the orc knight.
The orc knight is heavily wounded.
The orc knight no longer looks unusually strong.
The orc knight barely misses you.
You closely miss the orc knight. Your headbutt misses the orc knight.
The orc knight is heavily wounded.
The orc warrior hits you with a +0 halberd!!
* * * LOW HITPOINT WARNING * * *
The orc warrior barely misses you.
The orc knight roars a battlecry!
The orc knight goes into a battle-frenzy!
You flicker for a moment.
There is a huge open gate here.
The orc knight roars a battlecry!
The orc knight goes into a battle-frenzy!
You feel much better.
You closely miss the orc knight.
You headbutt the orc knight, but do no damage.
The orc knight is heavily wounded.
The orc knight hits you with a +0 trident!
* * * LOW HITPOINT WARNING * * *
You hit the orc knight but do no damage.
You headbutt the orc knight!
The orc knight is severely wounded.
You flicker back into view.
The orc knight closely misses you.
You hit the orc knight. You freeze the orc knight. You headbutt the orc knight.
The orc knight is severely wounded.
The orc knight hits you with a +0 trident!!!
You die...

#### ####### ###########
...#########.....###..........
....#.....#.......'...........
#...'...))'..#....'.......???.
....'.))..'......oo.).....???.
#...)).)..'..#..oo'.......???.
)...#.....#.....@.'...........
...#########.....###..........
#### ####### ###########


You could see 2 orc knights and 2 orc warriors.

Vanquished Creatures
  An orc knight (Bailey)
  Pikel (D:3)
  3 hornets
  Sigmund (D:7)
  A yak (D:7)
  A wyvern (D:8)
  A steam dragon (D:6)
  Edmund (D:7)
  3 water moccasins
  2 sky beasts
  2 hornet zombies
  8 orc warriors
  3 black bears
  6 ogres
  4 necrophages
  4 scorpions
  2 bullfrogs
  A wyvern skeleton (D:7)
  A water moccasin skeleton (D:5)
  10 wights (D:8)
  A howler monkey (D:8)
  2 bullfrog zombies
  2 centaur skeletons
  3 jellies
  3 orc priests
  3 gnoll shamans
  4 hounds
  An iguana (D:6)
  3 orc wizards
  Natasha (twice) (D:3)
  21 gnolls
  6 adders
  A shadow imp (D:5)
  3 ufetubi
  2 worms (D:2)
  28 orcs
  10 endoplasms
  A giant cockroach (D:4)
  12 goblins
  4 hobgoblins
  6 jackals (D:2)
  2 kobolds
  2 quokkas
  7 ball pythons
  7 bats
  5 frilled lizards
  6 rats
203 creatures vanquished.

Notes
Turn   | Place    | Note
-------+----------+-------------------------------------------
     0 | D:1      | Peloso the Minotaur Fighter began the quest for the Orb.
     0 | D:1      | Reached XP level 1. HP: 19/19 MP: 0/0
   179 | D:1      | Reached XP level 2. HP: 25/27 MP: 1/1
   206 | D:1      | Found a shadowy altar of Dithmenos.
   631 | D:1      | Found a faded altar of an unknown god.
   953 | D:2      | Reached skill level 3 in Long Blades
   953 | D:2      | Reached XP level 3. HP: 30/33 MP: 2/2
  1268 | D:2      | Reached XP level 4. HP: 40/40 MP: 3/3
  1716 | D:2      | Reached skill level 1 in Dodging
  2072 | D:2      | Reached skill level 4 in Long Blades
  2072 | D:2      | Reached XP level 5. HP: 24/47 MP: 1/4
  2564 | D:3      | Reached skill level 5 in Fighting
  2963 | D:3      | Noticed Natasha
  2974 | D:3      | Killed Natasha
  2975 | D:3      | Reached skill level 5 in Armour
  2975 | D:3      | Reached XP level 6. HP: 44/56 MP: 5/5
  3193 | D:3      | Noticed Natasha
  3197 | D:3      | Killed Natasha
  3198 | D:3      | Reached skill level 5 in Long Blades
  3497 | D:4      | Noticed Pikel
  3519 | D:3      | Killed Pikel
  3520 | D:3      | Reached skill level 6 in Long Blades
  3520 | D:3      | Reached skill level 1 in Stealth
  3520 | D:3      | Reached XP level 7. HP: 38/62 MP: 6/6
  3721 | D:4      | Reached skill level 7 in Long Blades
  3760 | D:4      | Reached XP level 8. HP: 30/70 MP: 7/7
  4169 | D:5      | Entered Level 5 of the Dungeon
  4300 | D:5      | Found a staircase to the Ecumenical Temple.
  4334 | D:5      | Reached skill level 8 in Long Blades
  4358 | Temple   | Entered the Ecumenical Temple
  4582 | D:5      | Found a bloodstained altar of Trog.
  4827 | D:5      | Reached skill level 9 in Long Blades
  4827 | D:5      | Reached XP level 9. HP: 79/79 MP: 8/8
  5168 | D:6      | Reached skill level 5 in Shields
  5658 | D:6      | Reached skill level 10 in Long Blades
  6414 | D:7      | Noticed Edmund
  6457 | D:7      | Killed Edmund
  6679 | D:7      | Noticed Sigmund
  6686 | D:7      | Killed Sigmund
  6821 | D:8      | Reached skill level 11 in Long Blades
  6905 | D:8      | Reached XP level 10. HP: 89/89 MP: 9/9
  7120 | D:8      | Found a glowing silver altar of Zin.
  7122 | D:8      | Identified the +3 leather armour of Somewhere Else {rPois
                  | rC+}
  7166 | D:8      | Paralysed by a hornet for 2 turns
  7391 | D:8      | Reached skill level 10 in Armour
  7780 | D:9      | Found a flagged portal.
  7807 | Bailey   | Entered a bailey
  8111 | Bailey   | Noticed an orc knight
  8111 | Bailey   | Noticed an orc knight
  8134 | Bailey   | Noticed an orc knight
  8139 | Bailey   | Killed an orc knight
  8196 | Bailey   | Reached skill level 1 in Evocations
  8209 | Bailey   | Mangled by an orc knight

Illustrated notes

Levels and vault maps discovered:
D:1:      minmay_arrival_radiant_lines, layout_basic,
          shapermc_ecumenical_altar_starsandcircs, minmay_hexomino_r4
D:2:      layout_basic
D:3:      layout_rooms, serial_co_window_serial, co_window_of_opportunity_a,
          co_window_paths_a, co_window_corner_a, co_window_paths_b,
          co_window_corner_a, co_window_corner_a, co_window_paths_a,
          co_window_cross_3, co_window_of_opportunity_c, co_window_2corner,
          co_window_paths_c, co_window_broadway_a, glass_columns_c,
          glass_columns_b, uniq_natasha
D:4:      layout_gridville, skrybe_limestone_x, uniq_pikel
D:5:      layout_loops_cross, trog_ov_bears_minmay, minmay_temple_entry_trees,
          minmay_misc_feat_nine_boxes
D:6:      layout_gridville
D:7:      layout_basic, sigmund_edmund_badplayer
D:8:      layout_rooms, zin_academy, minmay_fractal_squares_5
D:9:      layout_gridville, nicolae_overflow_hallway_of_the_gods,
          enter_bailey_3, special_room [special_room_orc], dk_noncrumbling_2
Temple:   zaba_magenta_temple
Bailey:   bailey_polearm_5, bailey

Skill      XL: |  1  2  3  4  5  6  7  8  9 10 |
---------------+-------------------------------+-----
Fighting       | 4 5 6 7 8 9 |  9.8
Shields        | 4 5 6 |  6.2
Armour         | 4 5 6 8 9 10 | 10.8
Long Blades    | 3 4 6 7 9 11 | 11.9
Dodging        | 1 2 3 |  3.9
Stealth        | 1 2 |  2.3
Evocations     | 1 |  1.2

Action                   |  1- 3 |  4- 6 |  7- 9 | 10-12 || total
-------------------------+-------+-------+-------+-------++-------
Melee: Long sword        |    62 |   124 |   268 |   194 ||   648
       Headbutt          |     6 |    14 |    63 |    45 ||   128
       Punch             |       |       |       |     1 ||     1
Evoke: Wand              |       |       |       |    11 ||    11
  Use: Scroll            |     3 |     3 |     3 |     4 ||    13
       Potion            |     3 |       |       |     7 ||    10
 Stab: Invisible         |       |       |       |     1 ||     1
Armor: Scale mail        |    30 |    40 |    53 |       ||   123
       Chain mail        |       |       |    33 |    10 ||    43
       Plate armour      |       |       |       |   102 ||   102
Dodge: Dodged            |    27 |    63 |    94 |    94 ||   278
Block: Buckler           |    19 |    25 |    46 |    26 ||   116
